 Dungeon Crawl Stone Soup version 0.28.0-49-g6dfe1f597d (webtiles) character file.

Game seed: 8089263141766403930

42 Exodus22XD the Sneak (level 3, -1/19 HPs)
             Began as a Kobold Enchanter on May 15, 2022.
             Slain by a ball python (2 damage)
             ... on level 1 of the Dungeon.
             The game lasted 00:01:38 (2382 turns).

Exodus22XD the Sneak (Kobold Enchanter)             Turns: 2382, Time: 00:01:38

Health: -1/19      AC:  2    Str: 11    XL:     3   Next: 77%
Magic:  6/6        EV: 12    Int: 16    God:
Gold:   35         SH:  0    Dex: 17    Spells: 6/6 levels left

rFire   . . .      SeeInvis .   a - +1 dagger
rCold   . . .      Faith    .   (no shield)
rNeg    . . .      Spirit   .   b - +0 robe
rPois   .          Reflect  .   (no helmet)
rElec   .          Harm     .   (no cloak)
rCorr   .          Rampage  .   (no gloves)
Will    .....                   (no boots)
Stlth   ++++......              (no amulet)
HPRegen 0.06/turn               f - +6 ring of strength
MPRegen 0.10/turn               (no ring)

@: constricted
A: small, no large weapons, nightstalker 3
a: no special abilities


You were on level 1 of the Dungeon.
You visited 1 branch of the dungeon, and saw 2 of its levels.

You collected 35 gold pieces.

Inventory:

Hand Weapons
 a - a +1 dagger (weapon)
Armour
 b - a +0 robe (worn)
Jewellery
 f - a +6 ring of strength (left hand)
Scrolls
 h - 2 scrolls of summoning {unknown}
 i - a scroll of identify {unknown}
Potions
 c - a potion of invisibility
 d - a potion of might {unknown}
 e - 2 potions of curing {unknown}
 g - a potion of degeneration {unknown}


   Skills:
 - Level 1.3 Short Blades
 - Level 2.4 Dodging
 + Level 6.2 Stealth
 - Level 2.1 Spellcasting
 - Level 3.0 Hexes


You had 6 spell levels left.
You didn't know any spells.
Your spell library contained the following spells:

 Spells                   Type           Power      Damage    Failure   Level
 Ensorcelled Hibernation  Hex/Ice        12%        N/A       17%         2
 Confusing Touch          Hex            11%        N/A       19%         3
 Tukima's Dance           Hex            11%        N/A       19%         3
 Dazzling Flash           Conj/Hex       12%        N/A       32%         3
 Conjure Flame            Conj/Fire      1%         6-21      52%         3
 Ignite Poison            Fire/Tmut/Pois 1%         N/A       52%         3
 Sticky Flame             Conj/Fire      1%         2d3       90%         4


Dungeon Overview and Level Annotations

Branches:
Dungeon (2/15)

Altars:


Innate Abilities, Weirdness & Mutations

You are small and have problems with some larger weapons.
You are completely attuned to the shadows.


Message History

The ball python barely misses you. The ball python closely misses you.
The ball python misses you. The ball python grabs you.
The ball python constricts you.
You escape the ball python's grasp.
Things that are here:
a +0 club; a kobold skeleton The ball python closely misses you.
The ball python barely misses you. The ball python barely misses you.
The ball python closely misses you. The ball python closely misses you. x2
The ball python bites you.
* * * LOW HITPOINT WARNING * * *
The ball python grabs you. The ball python constricts you.
You escape the ball python's grasp.
The ball python barely misses you. The ball python misses you.
The ball python barely misses you. x2
The ball python closely misses you. The ball python grabs you.
The ball python constricts you.
* * * LOW HITPOINT WARNING * * *
You escape the ball python's grasp.
You can't go up here!
The ball python barely misses you. x3; The ball python closely misses you.
There is a stone staircase leading up here.
The ball python closely misses you. The ball python barely misses you.
You climb upwards.
There is a stone staircase leading down here.
You hit the ball python.
The ball python is moderately wounded.
The ball python completely misses you. The ball python grabs you.
The ball python constricts you.
You hit the ball python.
The ball python is severely wounded.
The ball python completely misses you. The ball python constricts you.
You closely miss the ball python.
The ball python is severely wounded.
The ball python barely misses you. The ball python constricts you.
* * * LOW HITPOINT WARNING * * *
You barely miss the ball python.
The ball python is severely wounded.
The ball python bites you.
You die...

....# #.# .##.#
#.# .##.# #.#
.##.####.#
###....#.# #
####.#.# # #.#.#
######.#.#########
...............S@#
..####.#.#####.###
..# #.#.# #.# ..#
#.#.# #.# ..#
#.#.# #.# ..#
#.#.#####.# ..#
#.#.......# ..#
#.#.####### ..#
#.#.#


You could see a ball python.

Vanquished Creatures
  An adder (D:2)
  2 dart slugs
  2 ball pythons (D:2)
  4 bats
  An endoplasm (D:1)
  3 giant cockroaches
  2 goblins
  A hobgoblin (D:1)
  4 kobolds
  3 quokkas
  3 frilled lizards
  3 rats (D:1)
29 creatures vanquished.

Notes
Turn   | Place    | Note
-------+----------+-------------------------------------------
     0 | D:1      | Exodus22XD the Kobold Enchanter began the quest for the
                  | Orb.
     0 | D:1      | Reached XP level 1. HP: 10/10 MP: 3/3
   259 | D:1      | Reached XP level 2. HP: 15/15 MP: 5/5
   334 | D:1      | Reached skill level 5 in Stealth
  1365 | D:2      | Reached XP level 3. HP: 11/19 MP: 6/6
  1846 | D:2      | Reached skill level 6 in Stealth
  2382 | D:1      | Slain by a ball python

Illustrated notes

Levels and vault maps discovered:
D:1:      minmay_arrival_radiant_lines, layout_basic, minivault_4
D:2:      layout_basic, minmay_nonomino_d4

Skill      XL: |  1  2  3 |
---------------+----------+-----
Stealth        | 5 6 |  6.2
Short Blades   | |  1.3
Dodging        | |  2.4
Spellcasting   | |  2.1
Hexes          | |  3.0

Action                   || total
-------------------------++-------
Melee: Dagger            ||   106
 Stab: Sleeping          ||    12
Armor: Robe              ||    24
Dodge: Dodged            ||   118
